 Dungeon Crawl Stone Soup version 0.25.0-11-g1f837a76a1 (webtiles) character file.

Game seed: 7077678016920160045

765 Aviak the Chiller (level 7, -1/56 HPs)
             Began as a Demonspawn Ice Elementalist on June 24, 2020.
             Slain by an ice beast (9 damage)
             ... on level 5 of the Dungeon.
             The game lasted 00:06:58 (5693 turns).

Aviak the Chiller (Demonspawn Ice Elementalist)     Turns: 5693, Time: 00:06:59

Health: -1/56      AC:  4    Str:  7 (9)  XL:     7   Next: 52%
Magic:  0/13       EV: 11    Int: 17 (18) God:
Gold:   212        SH:  0    Dex:  5 (13) Spells: 7/14 levels left

rFire    + . .     SeeInvis .   t - +2 short sword (speed)
rCold    . . .     Gourm    .   (no shield)
rNeg     . . .     Faith    .   j - +0 leather armour
rPois    .         Spirit   +   (no helmet)
rElec    .         Reflect  .   (no cloak)
rCorr    .         Harm     .   n - +0 pair of gloves
MR       .....                  (no boots)
Stlth    +.........             (no amulet)
HPRegen  0.18/turn              (no ring)
MPRegen  0.13/turn              (no ring)

@: no status effects
A: talons 1, fire resistance 1, ignite blood, magic shield, flame cloud immunity
a: no special abilities


You were on level 5 of the Dungeon.
You were hungry.

You visited 2 branches of the dungeon, and saw 6 of its levels.

You collected 212 gold pieces.

Inventory:

Hand Weapons
 e - a +0 dagger of protection
 t - a +2 short sword of speed (weapon)
Armour
 a - a +0 robe
 j - a +0 leather armour (worn)
 n - a +0 pair of gloves (worn)
Jewellery
 f - a cursed +6 ring of intelligence {unknown}
Wands
 r - a wand of polymorph (8)
Scrolls
 b - 3 scrolls of enchant weapon {unknown}
 d - 11 scrolls of identify {unknown}
 g - 2 scrolls of teleportation {unknown}
 i - 2 scrolls of remove curse {unknown}
 k - a scroll of noise {unknown}
 m - a scroll of fear {unknown}
 p - a scroll of fog {unknown}
 w - a scroll of immolation {unknown}
Potions
 h - a potion of berserk rage {unknown}
 l - a potion of cancellation {unknown}
 o - a potion of heal wounds {unknown}
 q - a potion of degeneration {!q!q}
 s - a potion of might {unknown}
Comestibles
 v - 5 rations


   Skills:
 + Level 5.1 Fighting
 - Level 1.7 Dodging
 - Level 1.7 Stealth
 - Level 4.0 Spellcasting
 + Level 6.0 Ice Magic


You had 7 spell levels left.
You knew the following spells:

 Your Spells              Type           Power        Failure   Level  Hunger
a - Freeze                Ice            ###.         1%          1    None
b - Frozen Ramparts       Ice            ###...       6%          3    ###....
c - Ozocubu's Armour      Chrm/Ice       ##......     21%         3    ###....

Your spell library contained the following spells:

 Spells                   Type           Power        Failure   Level  Hunger
 Hailstorm                Conj/Ice       ##......     56%         4    ####...
 Summon Ice Beast         Ice/Summ       ##......     56%         4    ####...


Dungeon Overview and Level Annotations

Branches:
Dungeon (5/15)             Temple (1/1) D:4

Altars:
Ashenzari
Cheibriados
Dithmenos
Elyvilon
Fedhas
Gozag
Hepliaklqana
Kikubaaqudgha
Makhleb
Nemelex Xobeh
Okawaru
Qazlal
Ru
Trog
Wu Jian
Xom
The Shining One

Annotations:
D:5 Menkaure


Innate Abilities, Weirdness & Mutations

You have sharp toenails.
Your flesh is heat resistant. (rF+)
Your demonic aura causes spilled blood to erupt in flames.
When hurt, damage is shared between your health and your magic reserves.
You are immune to clouds of flame.


Message History

You hit the ice beast but do no damage.
The ice beast is moderately wounded.
The ice beast hits you. The ice beast freezes you!
* * * LOW HITPOINT WARNING * * *
Unknown command.
It was a potion of degeneration.
There was something very wrong with that liquid.
You feel weakened.
You feel dopey.
You feel clumsy. The ice beast closely misses you.
It was a potion of curing.
You feel better.
c - a potion of curing;
v - 5 rations The ice beast hits you.
* * * LOW HITPOINT WARNING * * *
The ice beast freezes you!
* * * LOW HITPOINT WARNING * * *
Unknown command.
You feel better. The ice beast hits you.
* * * LOW HITPOINT WARNING * * *
The ice beast freezes you!
You die...

#.#..# ..... #.. .. #..# ###
#.. .. #..#####.# #.# <.. ..
M## #...O....# #.# #.###..
.....#..############.###..
... #.>..................#.#
...
#.##..####.#######.#.#.##...
# ##......@Y.....<).†......
########.#######.#........
......................... ..
................##..####.
###.#####.##.######..###.# .
............# #..# #.#
#.#####(#### .... ...
#.......########.... ...[
#..............


You could see an ice beast.

Vanquished Creatures
  2 ogres
  A centaur (D:5)
  A quasit (D:5)
  A jelly (D:5)
  3 hounds
  An orc priest (D:4)
  An orc wizard (D:4)
  An iguana (D:5)
  Ijyb (D:3)
  Natasha (twice) (D:2)
  A worker ant (D:4)
  A hound skeleton (D:5)
  8 adders
  2 oozes
  A worm (D:4)
  4 dart slugs
  7 orcs
  4 bats
  A giant cockroach (D:1)
  9 goblins
  5 hobgoblins
  20 jackals
  5 frilled lizards
  4 kobolds
  5 rats
91 creatures vanquished.

Notes
Turn   | Place    | Note
-------+----------+-------------------------------------------
     0 | D:1      | Aviak the Demonspawn Ice Elementalist began the quest for
                  | the Orb.
     0 | D:1      | Reached XP level 1. HP: 13/13 MP: 3/3
   262 | D:1      | Gained mutation: Your flesh is heat resistant. (rF+)
                  | [demonic ancestry]
   262 | D:1      | Reached XP level 2. HP: 8/20 MP: 1/5
   570 | D:1      | Reached skill level 1 in Fighting
   777 | D:1      | Found a sparkling altar of Nemelex Xobeh.
   831 | D:1      | Gained mutation: You are immune to clouds of flame.
                  | [demonic ancestry]
   831 | D:1      | Reached XP level 3. HP: 24/26 MP: 0/6
  1424 | D:2      | Reached skill level 4 in Ice Magic
  1583 | D:2      | Noticed Natasha
  1588 | D:2      | Killed Natasha
  1673 | D:2      | Gained mutation: When hurt, damage is shared between your
                  | health and your magic reserves. [demonic ancestry]
  1673 | D:2      | Reached XP level 4. HP: 27/33 MP: 4/8
  1827 | D:2      | Noticed Natasha
  1837 | D:2      | Killed Natasha
  2240 | D:3      | You fall into a shaft and drop 1 floor!
  2560 | D:4      | Gained mutation: Your demonic aura causes spilled blood to
                  | erupt in flames. [demonic ancestry]
  2560 | D:4      | Reached XP level 5. HP: 35/39 MP: 6/9
  2879 | D:4      | Found a staircase to the Ecumenical Temple.
  2921 | Temple   | Entered the Ecumenical Temple
  3023 | D:4      | Noticed an ogre
  3074 | D:4      | Killed an ogre
  3074 | D:4      | Reached XP level 6. HP: 13/47 MP: 1/11
  3079 | D:4      | Learned a level 3 spell: Frozen Ramparts
  3083 | D:4      | Learned a level 3 spell: Ozocubu's Armour
  4006 | D:3      | Noticed Ijyb
  4009 | D:3      | Reached skill level 5 in Ice Magic
  4014 | D:3      | Killed Ijyb
  4975 | D:3      | Found a stormy altar of Qazlal.
  5228 | D:5      | Entered Level 5 of the Dungeon
  5246 | D:5      | Gained mutation: You have sharp toenails. [demonic
                  | ancestry]
  5246 | D:5      | Reached XP level 7. HP: 13/54 MP: 2/13
  5603 | D:5      | Noticed Menkaure
  5667 | D:5      | Reached skill level 5 in Fighting
  5667 | D:5      | Reached skill level 6 in Ice Magic
  5692 | D:5      | HP: 2/56 [ice beast (13)]
  5693 | D:5      | Slain by an ice beast

Illustrated notes

Levels and vault maps discovered:
D:1:      co_arrival_random_square_maze, layout_basic,
          nemelex_xobeh_ov_fountains_minmay
D:2:      layout_basic, serial_bayou_pond_d, uniq_natasha
D:3:      layout_loops_cross, nicolae_qazlal_eye_of_the_storm, first_ration,
          serial_bayou_lake_a, uniq_ijyb
D:4:      layout_basic, minmay_temple_entry_statues_pillars, serial_bayou,
          serial_bayou_shore_a, serial_bayou_ford_a, serial_bayou_pond_a,
          serial_bayou_crossing
D:5:      layout_basic, minmay_hollow_rounded_squares, uniq_menkaure
Temple:   nicolae_temple_x_marks_the_god

Skill      XL: |  1  2  3  4  5  6  7 |
---------------+----------------------+-----
Fighting       | 1 2 3 4 5 |  5.1
Ice Magic      | 4 5 6 |  6.0
Spellcasting   | 3 4 |  4.0
Dodging        | |  1.7
Stealth        | |  1.7

Action                   |  1- 3 |  4- 6 |  7- 9 || total
-------------------------+-------+-------+-------++-------
Melee: Dagger            |    61 |    57 |       ||   118
       Short sword       |       |    71 |    43 ||   114
       Kick              |       |       |     6 ||     6
 Cast: Freeze            |    33 |    61 |       ||    94
       Frozen Ramparts   |       |     9 |     3 ||    12
  Use: Potion            |       |       |     3 ||     3
 Stab: Sleeping          |     2 |       |       ||     2
  Eat: Chunk             |     3 |    11 |     2 ||    16
Armor: Robe              |    15 |       |       ||    15
       Leather armour    |     9 |    51 |    20 ||    80
Dodge: Dodged            |    56 |   114 |    27 ||   197
